 Dungeon Sprint DCSS version 0.21.1-1-g345015f (webtiles) character file.

0 Mgcat the Shield-Bearer (level 1, 0/20 HPs)
             Began as a Deep Dwarf Fighter on Feb 9, 2018.
             Slain by a merfolk siren
             ... wielding a +0 trident
              (20 damage)
             ... in the Dungeon (Sprint II: "The Violet Keep of Menkaure").
             The game lasted 00:00:07 (16 turns).

Mgcat the Shield-Bearer (Deep Dwarf Fighter)          Turns: 16, Time: 00:00:08

Health: 0/20       AC:  6    Str: 19    XL:     1   Next: 0%
Magic:  1/1        EV:  7    Int:  8    God:
Gold:   0          SH:  9    Dex: 12    Spells: 0/0 levels left

rFire    . . .     SeeInvis .   a - +0 war axe
rCold    . . .     Gourm    .   c - +0 shield
rNeg     . . .     Faith    .   b - +0 scale mail
rPois    .         Spirit   .   (no helmet)
rElec    .         Reflect  .   (no cloak)
rCorr    .         Harm     .   (no gloves)
MR       .....     NoTele   +   (no boots)
Stlth    ..........             (no amulet)
HPRegen  0.00/turn              (no ring)
MPRegen  0.07/turn              (no ring)

@: mesmerised, non-regenerating
A: damage resistance, heal wounds, sense surroundings 1, no regeneration
a: Heal Wounds


You were in the Dungeon.
You were not hungry.

You visited 1 branch

Inventory:

Hand Weapons
 a - a +0 war axe (weapon)
Armour
 b - a +0 scale mail (worn)
 c - a +0 shield (worn)
Scrolls
 k - a scroll of blinking {!r}
Potions
 d - a potion of might
 e - a potion of curing
 g - a potion of heal wounds
 h - a potion of haste
 i - 2 potions of magic
 j - a potion of berserk rage {!q}
Comestibles
 f - a ration


   Skills:
 + Level 2.6 Fighting
 + Level 2.1 Axes
 + Level 3.2 Armour
 + Level 3.2 Shields


You couldn't memorise any spells.
You didn't know any spells.

Dungeon Overview and Level Annotations

Branches:
Dungeon (1/1)

Altars:


Innate Abilities, Weirdness & Mutations

You are resistant to damage.
You can heal yourself by infusing magical energy.
You passively map a small area around you.
You do not regenerate.


Message History

Welcome, Mgcat the Deep Dwarf Fighter.
Press ? for a list of commands and other information.
Found a staircase leading out of the dungeon.
Lua error: attempt to yield across metamethod/C-call boundary You open the door.
A merfolk siren comes into view. It is wielding a trident.
The merfolk siren shouts!
The merfolk siren chants a haunting song.
You are mesmerised by the merfolk siren!
There is an open door here.
You closely miss the merfolk siren.
The merfolk siren chants its luring song.
You slash the merfolk siren!
The merfolk siren is moderately wounded.
The merfolk siren chants its luring song.
You hit the merfolk siren but do no damage.
The merfolk siren is moderately wounded.
The merfolk siren chants its luring song. x2
You slash the merfolk siren!
The merfolk siren is heavily wounded.
The merfolk siren chants its luring song.
You barely miss the merfolk siren.
The merfolk siren is heavily wounded.
The merfolk siren chants its luring song. x2
You barely miss the merfolk siren.
The merfolk siren is heavily wounded.
The merfolk siren chants its luring song.
You closely miss the merfolk siren.
The merfolk siren is heavily wounded.
The merfolk siren chants its luring song.
The merfolk siren hits you with a trident!
Ouch! That really hurt!
* * * LOW HITPOINT WARNING * * *
You barely miss the merfolk siren.
The merfolk siren is heavily wounded.
The merfolk siren chants its luring song.
You closely miss the merfolk siren.
The merfolk siren is heavily wounded.
The merfolk siren chants its luring song.
You miss the merfolk siren.
The merfolk siren is heavily wounded.
The merfolk siren chants its luring song. x2
You feel much better.
The merfolk siren chants its luring song.
You hit the merfolk siren.
The merfolk siren is heavily wounded.
The merfolk siren chants its luring song.
Your shield and scale mail prevent you from hitting the merfolk siren.
The merfolk siren is heavily wounded.
The merfolk siren chants its luring song.
The merfolk siren hits you but does no damage.
You closely miss the merfolk siren.
The merfolk siren is heavily wounded.
The merfolk siren chants its luring song.
The merfolk siren hits you with a trident!!
Ouch! That really hurt!
You die...

* * + * *
, , * * ,
**,* * ≈
≈ * , , ≈
##** ** *
##.# #+#
* , ,*
#...##.##
+ +
#m@.<.+**
, , ,
#...##.##
##.# #+#
* ≈##* *
≈ * * * ,
≈ , ** *
≈ * *≈ *
≈ * * ≈ ,
≈


You could see a merfolk siren.

Vanquished Creatures (others)
  Menkaure (D)
1 creature vanquished.

Notes
Turn   | Place    | Note
-------+----------+-------------------------------------------
     0 | D        | Mgcat the Deep Dwarf Fighter began the quest for the Orb.
     0 | D        | Reached XP level 1. HP: 20/20 MP: 1/1
     1 | D        | Noticed a merfolk siren
     9 | D        | HP: 5/20 [merfolk siren/trident (15)]
    12 | D        | Killed Menkaure
    16 | D        | Slain by a merfolk siren

Action                   || total
-------------------------++-------
Melee: War axe           ||    13
 Abil: Heal Wounds       ||     1

Vault maps used:
D:        the_violet_keep_of_menkaure

Table legend:
 A = Turns spent in this place as a percentage of turns spent in the entire game.
 B = Non-inter-level travel turns spent in this place as a percentage of non-inter-level travel turns spent in the entire game.
 C = Inter-level travel turns spent in this place as a percentage of turns spent in this place.
 D = Turns resting spent in this place as a percentage of non-inter-level travel turns spent in this place.
 E = Turns spent auto-exploring this place as a percentage of non-inter-level travel turns spent in this place.
 F = Non-inter-level travel turns spent in this place divided by the number of levels of this place that you've seen.
                   A       B       C       D       E      F
               +-------+-------+-------+-------+-------+----------------------
         Total | 100.0 | 100.0 |   0.0 |   0.0 |   0.0 |  16.0
       Dungeon | 100.0 | 100.0 |   0.0 |   0.0 |   0.0 |  16.0
               +-------+-------+-------+-------+-------+----------------------
